 Dungeon Crawl Stone Soup version 0.29-a0-472-ge5599a681e (webtiles) character file.

Game seed: 533349929469799411

287 Sabo the Chopper (level 6, 0/55 HPs)
             Began as a Hill Orc Cinder Acolyte on May 22, 2022.
             Was a High Priest of Ignis.
             Slain by Grinder (2 damage)
             ... on level 4 of the Dungeon.
             The game lasted 00:22:16 (4330 turns).

Sabo the Chopper (Hill Orc Cinder Acolyte)          Turns: 4330, Time: 00:22:17

Health: 0/55       AC:  8    Str: 17    XL:     6   Next: 30%
Magic:  7/7        EV:  9    Int: 16    God:    Ignis [*****.]
Gold:   121        SH:  0    Dex:  6    Spells: 7/7 levels left

rFire   + . .      SeeInvis +   a - +0 hand axe (flame)
rCold   . . .      Faith    .   (no shield)
rNeg    . . .      Spirit   .   v - +0 scale mail
rPois   .          Reflect  .   r - +0 helmet
rElec   .          Harm     .   o - +0 cloak
rCorr   .          Rampage  .   (no gloves)
Will    .....                   (no boots)
Stlth   ..........              l - amulet of magic regeneration
HPRegen 0.18/turn               c - ring of see invisible
MPRegen 0.50/turn               (no ring)

@: no status effects
A: no striking features
a: Renounce Religion, Fiery Armour, Foxfire Swarm, Rising Flame


You were on level 4 of the Dungeon.
You worshipped Ignis.
Ignis was extremely pleased with you.
You visited 1 branch of the dungeon, and saw 4 of its levels.

You collected 121 gold pieces.

Inventory:

Hand Weapons
 a - a +0 hand axe of flaming (weapon)
 p - a +0 short sword of flaming
 t - a +2 hand axe of distortion
Missiles
 f - 4 boomerangs
 n - an atropa-tipped dart (quivered)
Armour
 i - a +0 leather armour
 o - a +0 cloak (worn)
 r - a +0 helmet (worn)
 s - a +0 plate armour
 v - a +0 scale mail (worn)
Jewellery
 c - a ring of see invisible (left hand)
 l - an amulet of magic regeneration (around neck)
Wands
 b - a wand of polymorph (2)
 k - a wand of iceblast (11)
Scrolls
 d - 3 scrolls of teleportation
 h - a scroll of blinking
 j - 2 scrolls of poison
 q - 2 scrolls of fear
 u - a scroll of identify
Potions
 e - 3 potions of degeneration {unknown}
 g - 4 potions of curing {unknown}
 m - a potion of mutation {unknown}


   Skills:
 + Level 4.8 Fighting
 + Level 6.2 Axes
 + Level 0.2 Throwing
 + Level 2.5 Armour
 + Level 1.8 Dodging
 + Level 0.4 Stealth
 + Level 1.0 Spellcasting
 + Level 3.7 Fire Magic


You had 7 spell levels left.
You didn't know any spells.
Your spell library contained the following spells:

 Spells                   Type           Power      Damage    Failure   Level
 Scorch                   Fire           24%        2d6       24%         2
 Apportation              Tloc           0%         N/A       58%         1
 Necrotize                Necr           0%         1d4       58%         1
 Summon Small Mammal      Summ           0%         N/A       58%         1
 Sublimation of Blood     Necr           0%         N/A       75%         2
 Ignite Poison            Fire/Tmut/Pois 4%         N/A       80%         3
 Mephitic Cloud           Conj/Pois/Air  0%         N/A       92%         3
 Petrify                  Tmut/Erth      0%         N/A       100%        4
 Freezing Cloud           Conj/Ice/Air   0%         6-21      100%        5
 Irradiate                Conj/Tmut      0%         3d13      100%        5


Dungeon Overview and Level Annotations

Branches:
Dungeon (4/15)
 Temple: D:4-7

Altars:
Elyvilon

Annotations:
D:4 Grinder


Message History

Grinder gestures at you.
You barely resist. Grinder hits you but does no damage.
You can move again.
Activating: Foxfire Swarm
Press: ? - help, Dir - look around, f - activate Flames leap up around you!
Grinder hits you but does no damage.
Your foxfire dissipates!
Grinder attacks as you move away! Grinder hits you.
* * * LOW HITPOINT WARNING * * *
You writhe in agony.
* * * LOW HITPOINT WARNING * * *
The foxfire hits Grinder.
Grinder is moderately wounded.
The foxfire hits Grinder but does no damage.
Grinder is moderately wounded.
The foxfire hits Grinder.
Grinder is moderately wounded.
You see here a +0 mace.
You barely miss Grinder.
Grinder is moderately wounded.
Grinder completely misses you.
You hit Grinder but do no damage.
Grinder is moderately wounded.
Grinder hits you.
* * * LOW HITPOINT WARNING * * *
You writhe in agony.
* * * LOW HITPOINT WARNING * * *
Aiming: Iceblast
Press: ? - help, Shift-Dir - straight line, f - Grinder
Aim: Grinder (moderately wounded, ally target)
Okay, then.
Throw: 2 darts (atropa)
Press: ? - help, Q - select action, (/) - cycle Shift-Dir - straight line, f/p - Grinder
Aim: Grinder (moderately wounded, ally target, 50% to hit, chance to blind on hit: 3%)
You throw an atropa-tipped dart. The atropa-tipped dart hits Grinder.
Grinder resists.
Grinder is moderately wounded.
Grinder hits you.
You die...

..##.........#
..#########..#.
.........)...#.
..##########.#. ###
#.#.# #.#.# #.#v#
############.#.#######
...............5@v...#
..............######.#
..............## #.#
...............# #.#
.........[.....# #.#
...........#.#.# #.#
.....#.#.#.#.#.#####.#
.......#.#.#.#.#.....#
.....###.#.....#.#####


You could see Grinder (ally target).

Vanquished Creatures
  A black bear (D:4)
  An iguana (D:4)
  9 adders
  2 worms
  3 dart slugs
  An orc (D:4)
  5 ball pythons
  3 bats
  5 endoplasms
  4 giant cockroaches
  8 goblins
  8 hobgoblins
  4 jackals
  2 quokkas
  4 frilled lizards
  10 kobolds
  12 rats
82 creatures vanquished.

Vanquished Creatures (others)
  3 foxfires (D:4)
3 creatures vanquished.

Grand Total: 85 creatures vanquished

Notes
Turn   | Place    | Note
-------+----------+-------------------------------------------
     0 | D:1      | Sabo the Hill Orc Cinder Acolyte began the quest for the
                  | Orb.
     0 | D:1      | Reached XP level 1. HP: 19/19 MP: 2/2
   287 | D:1      | Reached XP level 2. HP: 27/27 MP: 3/3
  1026 | D:1      | Reached XP level 3. HP: 30/33 MP: 4/4
  1614 | D:2      | Reached skill level 1 in Dodging
  1723 | D:2      | Reached skill level 5 in Axes
  1723 | D:2      | Reached XP level 4. HP: 30/40 MP: 5/5
  3141 | D:3      | Reached skill level 1 in Armour
  3262 | D:3      | Reached XP level 5. HP: 44/47 MP: 6/6
  3641 | D:3      | Found a white marble altar of Elyvilon.
  4096 | D:4      | Noticed a black bear
  4111 | D:4      | Killed a black bear
  4112 | D:4      | Reached skill level 6 in Axes
  4112 | D:4      | Reached XP level 6. HP: 41/55 MP: 7/7
  4303 | D:4      | Noticed Grinder
  4314 | D:4      | Paralysed by Grinder for 3 turns
  4323 | D:4      | Paralysed by Grinder for 3 turns
  4329 | D:4      | HP: 2/55 [Grinder (4)]
  4330 | D:4      | Slain by Grinder

Illustrated notes

Levels and vault maps discovered:
D:1:      giann_horns, layout_basic, kennysheep_crisscross
D:2:      layout_rooms, kennysheep_small_spiral, due_unseen_surprise
D:3:      layout_loops_ring, marbit_many_paths
D:4:      layout_basic, minmay_checkerbox, uniq_grinder, uniq_eustachio

Skill      XL: |  1  2  3  4  5 |
---------------+----------------+-----
Fighting       | 4 |  4.8
Dodging        | 1 |  1.8
Axes           | 5 6 |  6.2
Armour         | 1 2 |  2.5
Throwing       | |  0.2
Stealth        | |  0.4
Spellcasting   | |  1.0
Fire Magic     | |  3.7

Action                   |  1- 3 |  4- 6 || total
-------------------------+-------+-------++-------
Melee: Hand axe          |   132 |   143 ||   275
Throw: Boomerang         |       |     8 ||     8
       Dart              |       |     1 ||     1
Invok: Foxfire Swarm     |       |     1 ||     1
  Use: Scroll            |     3 |     7 ||    10
Armor: Robe              |    13 |       ||    13
       Leather armour    |    11 |    47 ||    58
       Scale mail        |       |     2 ||     2
Dodge: Dodged            |    75 |    74 ||   149

Table legend: (Time is in decaauts)
 A = Elapsed time spent in this place.
 B = Non-inter-level travel time spent in this place.
 C = Inter-level travel time spent in this place.
 D = Time resting spent in this place.
 E = Time spent auto-exploring this place.
 F = Levels seen in this place.
 G = Mean time per level.
                   A        B        C        D        E       F      G
               +--------+--------+--------+--------+--------+-----+--------+
         Total |   4346 |   4346 |      0 |   1272 |      0 |   4 | 1086.5 |
       Dungeon |   4346 |   4346 |      0 |   1272 |      0 |   4 | 1086.5 |
               +--------+--------+--------+--------+--------+-----+--------+

Top non-repeatable levels by time:
     D:1: 1495 daAuts
     D:2: 1151 daAuts
     D:3: 1070 daAuts
     D:4: 629 daAuts
